 Dungeon Crawl Stone Soup version 0.30-a0-672-gc3a7216ad8 (webtiles) character file.

Game seed: 3230953202119413093

3043 Dittersdorf the Fighter (level 9, -1/59 HPs)
             Began as a Gargoyle Fighter on Jan 18, 2023.
             Was an Initiate of Okawaru.
             Slain by a shadow (4 damage)
             ... on level 9 of the Dungeon.
             The game lasted 00:14:59 (8845 turns).

Dittersdorf the Fighter (Gargoyle Fighter)          Turns: 8845, Time: 00:14:59

Health: -1/59      AC: 22    Str: 24    XL:     9   Next: 86%
Magic:  9/9        EV:  9    Int: 15    God:    Okawaru [......]
Gold:   491        SH:  5    Dex:  9    Spells: 8/8 levels left

rFire   + + .      SeeInvis .    a - +0 flail
rCold   + . .      Faith    .    c - +0 buckler
rNeg    + . .      Spirit   .    q - +1 scale mail "Ofad" {rF++ rC+}
rPois   ∞          Reflect  .    k - +2 helmet
rElec   +          Harm     .    u - +1 cloak
rCorr   +          Rampage  .    (no gloves)
Will    .....                    y - +0 pair of boots Stlth
                                 (no amulet)
HPRegen 0.29/turn                n - +6 ring of intelligence
MPRegen 0.11/turn                o - ring of resist corrosion

@: no status effects
A: sickness immunity, AC +6, negative energy resistance 1, electricity
resistance, torment resistance 1, petrification resistance
a: Renounce Religion


You were on level 9 of the Dungeon.
You worshipped Okawaru.
Okawaru was noncommittal.
You visited 2 branches of the dungeon, and saw 10 of its levels.
You also visited: Sewer.

You collected 551 gold pieces.
You spent 60 gold pieces at shops.

Inventory:

Hand Weapons
 a - a +0 flail (weapon)
Missiles
 h - 8 poisoned darts (quivered)
Armour
 c - a +0 buckler (worn)
 k - a +2 helmet (worn)
 q - the +1 scale mail "Ofad" (worn) {rF++ rC+}
   (You found it on level 4 of the Dungeon)

   rF:        It greatly protects you from fire.
   rC:        It protects you from cold.
 u - a +1 cloak (worn)
 y - a +0 pair of boots (worn)
Jewellery
 n - a +6 ring of intelligence (left hand)
 o - a ring of resist corrosion (right hand)
 B - a ring of fire
Wands
 l - a wand of acid (10)
 C - a wand of paralysis (8)
Scrolls
 g - 3 scrolls of teleportation
 s - a scroll of magic mapping
 w - a scroll of blinking
 x - a scroll of immolation
 z - a scroll of enchant armour
 A - a scroll of fear
Potions
 b - 2 potions of ambrosia
 d - 2 potions of might
 e - a potion of magic {unknown}
 f - 2 potions of invisibility {unknown}
 i - 3 potions of curing
 j - a potion of lignification {unknown}
 m - 2 potions of heal wounds
 p - a potion of brilliance
 r - 5 potions of mutation {unknown}
 t - 2 potions of flight {unknown}
 v - 2 potions of resistance {unknown}


   Skills:
 + Level 8.1 Fighting
 + Level 7.0 Maces & Flails
 + Level 8.0 Armour
 + Level 8.1 Shields


You had 8 spell levels left.
You didn't know any spells.
Your spell library contained the following spells:

 Spells                   Type           Power      Damage    Failure   Level
 Shock                    Conj/Air       0%         1d3       58%         1
 Ensorcelled Hibernation  Hex/Ice        0%         N/A       73%         2
 Passwall                 Tmut/Erth      0%         N/A       73%         2
 Portal Projectile        Hex/Tloc       0%         N/A       91%         3
 Swiftness                Air            0%         N/A       91%         3
 Airstrike                Air            0%         2d(0-16)  100%        4
 Blade Hands              Tmut           0%         N/A       100%        5
 Orb of Destruction       Conj           0%         9d5       100%        7
 Summon Small Mammal      Summ           Unusable   N/A       N/A         1
 Call Canine Familiar     Summ           Unusable   N/A       N/A         3
 Summon Guardian Golem    Hex/Summ       Unusable   N/A       N/A         3
 Tukima's Dance           Hex            Unusable   N/A       N/A         3
 Spellforged Servitor     Conj/Summ      Unusable   N/A       N/A         7

Dungeon Overview and Level Annotations

Branches:
Dungeon (9/15)             Temple (1/1) D:4            Lair (0/5) D:9
  Sewer (visited)
    Orc: D:9-12

Altars:
Cheibriados
Dithmenos
Elyvilon
Fedhas
Gozag
Hepliaklqana
Kikubaaqudgha
Makhleb
Okawaru
Qazlal
Ru
Sif Muna
Vehumet
Wu Jian
Xom
Yredelemnul
Zin
The Shining One

Shops:
D:2 !


Innate Abilities, Weirdness & Mutations

You are immune to sickness and miasma.
Your stone body is resilient. (AC +6)
You are immune to poison.
You resist negative energy. (rN+)
You are resistant to electric shocks. (rElec)
You are resistant to unholy torment.
You are immune to petrification.


Message History

The killer bee closely misses you.
You sock the killer bee!
The killer bee is almost dead.
You block the killer bee's attack.
The killer bee stings you but does no damage.
You barely miss the killer bee.
The killer bee is almost dead.
The killer bee stings you but does no damage.
The shadow slips into darkness.
The shadow flickers and vanishes!
Deactivating autopickup; reactivate with Ctrl-A.
You block the killer bee's attack.
You sock the killer bee!
You kill the killer bee!
Okawaru accepts your kill.
The killer bee stings you but does no damage.
The killer bee barely misses you.
Your Armour skill increases to level 8!
You closely miss the killer bee.
The killer bee stings you but does no damage.
You block the killer bee's attack.
You closely miss the killer bee.
You hear the faint creaking of a very distant portcullis.
You block the killer bee's attack.
The killer bee stings you but does no damage.
You hit the killer bee.
The killer bee is heavily wounded.
The killer bee closely misses you.
The shadow strikes at you from the darkness!
* * * LOW HITPOINT WARNING * * *
Reactivating autopickup.
The killer bee closely misses you.
You sock the killer bee!
You kill the killer bee!
Okawaru accepts your kill. The shadow hits you!
* * * LOW HITPOINT WARNING * * *
Your Maces & Flails skill increases to level 7!
The shadow attacks as you move away! The shadow hits you.
You die...

,*,..>.....y.....)..,###*#<...#
,*,,,,,*##y#*.......##.###....#
,***,,,##..##..#*#.......†.#..#*
,**,,,,#.......###.....##..#...#
,**,,**#W.##.#...##......###*..#
,***** #..####,..###.....#**,.##
,* ##....###.##......#.#.,.* ,*
#.....##.W#.............# **
##..#.###@#...>........**
####..##†#..#.......##*
#.......###......# ##y###..#
##.#).## ### #### #.##.# *##*##


You could see a shadow.

Vanquished Creatures
  A troll (D:9)
  Sigmund (D:4)
  A steam dragon (D:8)
  A water moccasin (D:6)
  An ogre (D:5)
  An ice beast (D:7)
  2 sky beasts (D:6)
  3 black bears
  A phantom (D:6)
  2 kobold brigands
  A necrophage (D:7)
  3 bullfrogs
  2 scorpions
  14 killer bees
  2 hounds
  An orc priest (D:7)
  3 iguanas
  4 orc wizards
  Robin (D:1)
  4 gnolls (D:6)
  10 adders
  A shadow imp (D:5)
  4 white imps
  6 worms
  2 dart slugs
  19 orcs
  An endoplasm (D:3)
  11 giant cockroaches
  14 goblins
  9 hobgoblins
  17 kobolds
  5 quokkas
  9 ball pythons
  6 bats
  19 frilled lizards
  5 rats
187 creatures vanquished.

Notes
Turn   | Place    | Note
-------+----------+-------------------------------------------
     0 | D:1      | Dittersdorf the Gargoyle Fighter began the quest for the
                  | Orb.
     0 | D:1      | Reached XP level 1. HP: 14/14 MP: 1/1
   110 | D:1      | Reached XP level 2. HP: 19/19 MP: 2/2
   188 | D:1      | Found a faded altar of an unknown god.
   687 | D:2      | Noticed Robin
   693 | D:2      | Reached XP level 3. HP: 16/24 MP: 3/3
   714 | D:1      | Killed Robin
  1038 | D:2      | Reached XP level 4. HP: 29/29 MP: 4/4
  1275 | D:2      | Found Ybugaa's Distillery.
  1295 | D:2      | Bought a potion of heal wounds for 60 gold pieces
  1729 | D:3      | Found a glowing drain.
  1759 | Sewer    | Entered a sewer
  2456 | Sewer    | Noticed a bullfrog
  2458 | Sewer    | Noticed a bullfrog
  2473 | Sewer    | Killed a bullfrog
  2474 | Sewer    | Reached XP level 5. HP: 14/34 MP: 5/5
  2479 | Sewer    | Reached XP level 6. HP: 7/39 MP: 6/6
  3731 | D:4      | You fall into a shaft and drop 3 floors!
  3732 | D:7      | yay!
  3859 | D:6      | Noticed a sky beast
  3893 | D:6      | Killed a sky beast
  3894 | D:6      | Reached skill level 5 in Fighting
  3894 | D:6      | Reached skill level 5 in Armour
  3894 | D:6      | Reached skill level 5 in Shields
  3894 | D:6      | Reached XP level 7. HP: 44/44 MP: 7/7
  4148 | D:5      | Entered Level 5 of the Dungeon
  4536 | D:4      | Reached XP level 8. HP: 31/51 MP: 8/8
  4613 | D:4      | Identified the +1 scale mail "Ofad" {rF++ rC+}
  4636 | D:4      | Found a staircase to the Ecumenical Temple.
  4646 | Temple   | Entered the Ecumenical Temple
  4854 | D:4      | Noticed Sigmund
  4895 | D:4      | Killed Sigmund
  4896 | D:4      | Reached skill level 5 in Maces & Flails
  5582 | D:5      | Identified the +1 quarterstaff of Starshine {heavy, Str+4
                  | Dex+2}
  6311 | D:6      | Found a sacrificial altar of Ru.
  6460 | D:6      | Found an opulent altar of Gozag.
  6658 | D:6      | Reached XP level 9. HP: 50/57 MP: 9/9
  7039 | D:7      | Found a white marble altar of Elyvilon.
  7039 | D:7      | Found a glowing golden altar of the Shining One.
  7039 | D:7      | Found a glowing silver altar of Zin.
  8675 | D:8      | Found an iron altar of Okawaru.
  8681 | D:8      | Found a shimmering altar of Xom.
  8681 | D:8      | Found a shimmering blue altar of Sif Muna.
  8683 | D:8      | Became a worshipper of Warmaster Okawaru
  8685 | D:8      | Found an ornate altar of the Wu Jian Council.
  8748 | D:9      | Noticed a troll
  8760 | D:9      | Killed a troll
  8845 | D:9      | Slain by a shadow

Illustrated notes

. ##
....#####..#
.......@...+
......######
....# ... #


Turn 3732 on D:7: yay!

Levels and vault maps discovered:
D:1:      shiori_arrival_maze, layout_basic, hellmonk_ecumenical_altar_blasted,
          st_stairs_1
D:2:      layout_loops_cross, serial_shops, nicolae_shop_advertising_works
          [nicolae_subvault_shop_adworks], uniq_robin
D:3:      layout_loops_corners, cheibrodos_sewer_entry_bend
D:4:      kb_forest_paths, layout_loops_cross, temple_statues,
          kennysheep_generic_room_2, uniq_sigmund
D:5:      layout_basic
D:6:      cheibrodos_thug_alley, layout_loops_ring, nicolae_gozag_seed_capital,
          mainiacjoe_overflow_brackets
D:7:      layout_basic, dreamdust_divine_triumvirate
D:8:      layout_basic, minitemple, centaur_isle
D:9:      layout_cave_pools, nemelex_diamond_rough_becter, lair_entry_dummy,
          lightli_bailey_entry_fortress
Temple:   chequers_temple_sunken

Skill      XL: |  1  2  3  4  5  6  7  8  9 |
---------------+----------------------------+-----
Fighting       | 4 5 7 8 |  8.1
Armour         | 4 5 6 8 |  8.0
Shields        | 4 5 6 8 |  8.1
Maces & Flails | 3 4 5 7 |  7.0

Action                   |  1- 3 |  4- 6 |  7- 9 || total
-------------------------+-------+-------+-------++-------
Melee: Flail             |   107 |   255 |   513 ||   875
Throw: Dart              |       |     1 |    12 ||    13
  Use: Scroll            |       |    11 |     3 ||    14
       Potion            |       |     1 |       ||     1
Armor: Scale mail        |    63 |    11 |   345 ||   419
       Chain mail        |       |   202 |    95 ||   297
Dodge: Dodged            |    63 |   135 |   269 ||   467
Block: Buckler           |    25 |    60 |   174 ||   259

Table legend: (Time is in decaauts)
 A = Elapsed time spent in this place.
 B = Non-inter-level travel time spent in this place.
 C = Inter-level travel time spent in this place.
 D = Time resting spent in this place.
 E = Time spent auto-exploring this place.
 F = Levels seen in this place.
 G = Mean time per level.
                   A        B        C        D        E       F      G
               +--------+--------+--------+--------+--------+-----+--------+
         Total |   9152 |   8878 |    274 |   1460 |   4758 |  11 |  832.0 |
       Dungeon |   7948 |   7688 |    260 |    931 |   4556 |   9 |  883.1 |
        Temple |    223 |    209 |     14 |      0 |    202 |   1 |  223.0 |
         Sewer |    980 |    980 |      0 |    529 |      0 |   1 |  980.0 |
               +--------+--------+--------+--------+--------+-----+--------+

Top non-repeatable levels by time:
     D:8: 1207 daAuts
     D:6: 1177 daAuts
     D:3: 1028 daAuts
     D:4: 992 daAuts
     D:5: 984 daAuts
   Sewer: 980 daAuts
     D:1: 914 daAuts
     D:2: 784 daAuts
     D:7: 755 daAuts
  Temple: 223 daAuts
     D:9: 103 daAuts
